Map: Ice Cliffs

Players

JohnMcClane

  • Race: Terran Terran
  • League: Silver

JackONeill

  • Race: Zerg Zerg

Hindulaatti

  • Race: Terran Terran
  • League: Diamond

Cuervo - Winner!

  • Race: Protoss Protoss

Androide - Winner!

  • Race: Zerg Zerg
  • League: Bronze

CmAd - Winner!

  • Race: Terran Terran
  • League: Diamond

VOD

Have the link to the VOD?

Description

Time

  • Played on: Jan. 18, 2016, 1:34 p.m.
  • Length: 6:34
Show
View Real Time Build Order
Export as new Build Order

JohnMcClane Terran 

Build Orders:  

Get SALT Encoding   

  12  0:01  SCV  
  13  0:13  SCV  
  14  0:21  Supply Depot  
  14  0:30  SCV  
  15  0:47  Barracks  
  15  0:52  Barracks  
  15  1:06  Barracks  
  15  1:11  SCV  
  16  1:29  SCV  
  17  1:36  Marine  
  18  1:43  Marine  
  19  1:55  Bunker  
  19  1:56  Marine x2  
  21  2:09  Bunker  
  21  2:17  Marine x2  
  21  2:19  Marine  
  21  2:35  Marine x2  
  23  2:39  Orbital Command  
  23  2:40  Marine  
  23  2:46  Supply Depot x2  
  20  3:17  SCV  
  20  3:19  Refinery  
  20  3:29  SCV  
  20  3:30  Marine x3  
  23  3:41  SCV  
  23  3:44  Supply Depot  
  23  3:48  Marine x3  
  23  4:06  Marine x3  
  18  4:49  Bunker  
  18  4:50  Command Center  
  18  4:53  Engineering Bay, SCV  
  18  4:55  Refinery  
  19  5:05  Bunker, SCV  
  20  5:19  Bunker  
  20  5:29  Marine x2  
  20  5:30  Marine  
  21  5:47  Marine x3  
  7  6:05  Marine x3  
Show
View Real Time Build Order
Export as new Build Order

JackONeill Zerg 

Build Orders: Pool First 

Get SALT Encoding   

  12  0:01  Drone  
  13  0:08  Drone  
  14  0:25  Spawning Pool  
  13  0:29  Drone  
  14  0:37  Overlord  
  14  0:42  Extractor  
  13  0:43  Drone  
  15  1:09  Drone x3  
  18  1:12  Queen  
  20  1:21  Overlord  
  20  1:27  Extractor  
  19  1:50  Zergling x4  
  21  1:56  Zergling x2  
  22  2:09  Hatchery  
  21  2:18  Zergling x4  
  23  2:30  Metabolic Boost  
  23  2:36  Zergling x6  
  26  2:43  Zergling x2  
  27  3:00  Zergling x2  
  27  3:01  Zergling x4  
  27  3:04  Overlord  
  28  3:26  Drone  
  24  3:27  Drone x2, Baneling Nest  
  24  3:28  Queen  
  24  3:30  Queen  
  27  3:37  Zergling x4  
  29  3:42  Overlord  
  29  4:04  Zergling x10  
  29  4:05  Zergling x4  
  36  4:16  Zergling x4  
  33  4:28  Overlord  
  33  4:33  Drone x3  
  33  4:37  Zergling x4  
  36  4:40  Zergling x2  
  33  4:54  Zergling x2  
  33  4:55  Zergling x8  
  38  5:02  Extractor  
  37  5:13  Zergling x12  
  43  5:14  Baneling x2  
  43  5:19  Baneling x3  
  43  5:21  Baneling  
  41  5:26  Zergling x2  
  41  5:27  Zergling x2  
  37  5:34  Baneling x3  
  33  5:49  Zergling x10  
  34  6:02  Zergling x8  
  29  6:10  Drone  
Show
View Real Time Build Order
Export as new Build Order

Hindulaatti Terran 

Build Orders:  

Get SALT Encoding   

  12  0:01  SCV  
  13  0:13  SCV  
  14  0:29  Supply Depot  
  14  0:31  SCV  
  15  0:50  SCV  
  16  0:57  Barracks  
  16  0:59  Barracks  
  16  1:11  Barracks  
  16  1:14  SCV  
  17  1:32  SCV  
  18  1:44  SCV  
  18  1:45  Marine  
  18  1:46  Supply Depot  
  20  1:52  Marine  
  21  1:59  Orbital Command  
  21  2:06  Marine x2  
  23  2:12  Marine  
  24  2:24  Bunker, Marine x2  
  26  2:38  Marine  
  26  2:42  Marine  
  26  2:48  Marine  
  26  2:55  Marine  
  27  3:00  Marine  
  27  3:02  SCV  
  29  3:05  Marine  
  30  3:13  Marine  
  31  3:22  SCV  
  31  3:27  Marine  
  31  3:30  Command Center  
  31  3:48  Marine  
  31  3:50  Marine  
  31  3:51  Marine  
  30  4:04  SCV  
  31  4:16  SCV  
  24  4:28  SCV  
  22  4:40  SCV  
  22  4:41  Supply Depot  
  22  4:42  Supply Depot  
  22  4:45  Refinery  
  23  4:46  Refinery  
  23  4:49  Barracks  
  23  4:50  Barracks  
  23  4:54  Barracks  
  23  4:55  Barracks  
  23  4:56  Orbital Command, Barracks  
  23  4:58  SCV  
  24  5:12  Supply Depot  
  24  5:14  Supply Depot  
  24  5:15  SCV  
  25  5:25  Marine  
  25  5:27  SCV  
  25  5:28  Marine  
  28  5:34  Marine  
  18  5:43  Marine  
  18  5:44  Marine x2  
  18  5:45  Marine  
  15  6:01  Marine  
  15  6:02  Marine x2, SCV  
  15  6:03  Marine  
  20  6:07  Marine  
  20  6:13  SCV  
  20  6:17  SCV  
Show
View Real Time Build Order
Export as new Build Order

Cuervo Protoss - Winner!

Build Orders: Mass Adepts 

Get SALT Encoding   

  12  0:01  Probe (Chrono Boost)  
  13  0:12  Probe (Chrono Boost)  
  14  0:20  Pylon  
  14  0:22  Probe (Chrono Boost)  
  15  0:38  Gateway, Probe (Chrono Boost)  
  16  0:49  Probe (Chrono Boost)  
  17  0:58  Assimilator  
  17  1:00  Probe (Chrono Boost)  
  18  1:10  Probe (Chrono Boost), Gateway  
  19  1:21  Probe (Chrono Boost)  
  19  1:24  Pylon  
  20  1:31  Cybernetics Core, Probe (Chrono Boost)  
  21  1:43  Probe (Chrono Boost)  
  21  1:46  Zealot (Chrono Boost)  
  24  1:54  Probe  
  25  2:02  Pylon  
  25  2:05  Assimilator  
  25  2:08  Warp Gate (Chrono Boost)  
  25  2:11  Adept (Chrono Boost)  
  27  2:21  Adept (Chrono Boost)  
  28  2:38  Adept (Chrono Boost)  
  28  2:53  Adept (Chrono Boost)  
  28  2:56  Mothership Core (Chrono Boost)  
  30  3:02  Adept  
  28  3:13  Pylon  
  28  3:14  Probe (Chrono Boost)  
  26  3:29  Adept x2  
  30  3:42  Probe (Chrono Boost)  
  30  3:46  Gateway  
  30  3:47  Gateway  
  29  4:20  Adept x2  
  33  4:30  Probe  
  34  4:32  Pylon  
  34  4:41  Adept x2  
  38  4:50  Twilight Council  
  36  4:56  Pylon  
  36  5:18  Adept x3  
  42  5:29  Probe (Chrono Boost)  
  42  5:33  Dark Shrine  
  43  5:40  Probe (Chrono Boost)  
  44  5:56  Probe (Chrono Boost)  
  45  5:57  Adept x4  
  53  6:06  Probe  
  54  6:18  Probe  
  55  6:29  Pylon  
  55  6:30  Pylon  
  55  6:32  Pylon  
  55  6:33  Nexus  
  55  6:34  Pylon  
Show
View Real Time Build Order
Export as new Build Order

Androide Zerg - Winner!

Build Orders: Hatch First 

Get SALT Encoding   

  12  0:01  Drone  
  13  0:12  Overlord  
  13  0:17  Drone  
  14  0:30  Drone x2  
  16  0:38  Drone  
  17  0:57  Hatchery  
  17  0:58  Drone  
  17  1:04  Extractor  
  16  1:12  Spawning Pool  
  16  1:14  Drone  
  16  1:17  Drone  
  17  1:20  Drone  
  18  1:42  Overlord  
  18  1:59  Queen  
  20  2:03  Zergling x4  
  20  2:04  Zergling x2  
  20  2:08  Metabolic Boost  
  23  2:09  Queen  
  23  2:12  Zergling x2  
  26  2:17  Zergling x2  
  24  2:38  Zergling x8  
  29  2:51  Zergling x4  
  29  2:57  Baneling Nest  
  29  3:01  Zergling x4  
  30  3:10  Zergling x2  
  30  3:11  Zergling x6  
  34  3:14  Overlord  
  30  3:36  Zergling x10  
  30  3:37  Zergling x2  
  36  3:49  Baneling x2  
  36  3:50  Baneling  
  36  3:53  Zergling x2  
  36  3:54  Zergling x4  
  37  4:14  Zergling x2  
  37  4:15  Zergling x12  
  41  4:18  Baneling x3  
  39  4:33  Zergling x8  
  39  4:38  Drone  
  44  4:41  Spore Crawler  
  43  4:54  Lair  
  43  4:55  Drone  
  43  4:57  Overlord  
  44  5:14  Overlord  
  44  5:17  Baneling x2  
  35  5:48  Zergling x8  
  35  5:49  Drone x3, Zergling x6  
  46  5:50  Drone  
  46  5:56  Baneling x2  
  46  5:57  Baneling x2  
  46  5:58  Drone  
  46  6:01  Drone  
Show
View Real Time Build Order
Export as new Build Order

CmAd Terran - Winner!

Build Orders:  

Get SALT Encoding   

  12  0:01  SCV  
  13  0:13  SCV  
  14  0:19  Supply Depot  
  14  0:25  SCV  
  15  0:36  Refinery  
  15  0:41  SCV  
  16  0:46  Barracks  
  16  0:53  SCV  
  17  1:03  Barracks  
  17  1:07  SCV  
  18  1:19  SCV  
  19  1:25  Barracks  
  19  1:31  SCV  
  20  1:34  Reaper  
  21  1:43  SCV  
  21  1:46  Refinery  
  22  1:52  Supply Depot  
  22  1:56  Reaper  
  23  2:12  Orbital Command  
  23  2:14  Reaper  
  24  2:16  Reaper  
  25  2:28  Reaper  
  25  2:38  SCV  
  26  2:50  SCV, Barracks  
  27  3:00  Reaper  
  27  3:01  Reaper  
  29  3:17  Reaper  
  29  3:33  Reaper  
  30  3:45  Reaper  
  31  4:06  SCV, Reaper  
  33  4:10  Supply Depot x2  
  33  4:18  SCV  
  34  4:30  SCV, Reaper x3  
  38  4:41  Reaper  
  38  4:42  SCV  
  37  4:54  SCV  
  38  5:02  Reaper  
  39  5:07  Reaper  
  40  5:22  Reaper  
  41  5:45  Command Center  
  41  5:48  Reaper x2  
Tags
 
Add a new tag
Caveats
  • Supply blocks, unpowered buildings, or Contaminate may cause inaccurate times.
  • Supply counts are checked every 10 seconds.